 Dungeon Crawl Stone Soup version 0.27-a0-1181-g5f64966fcc (webtiles) character file.

Game seed: 14508454762756013766

27986 freelancePsychic the Fighter (level 13, -3/109 (115) HPs)
             Began as a Red Draconian Fire Elementalist on May 18, 2021.
             Was a Priest of Lugonu.
             Killed from afar by a guardian serpent (19 damage)
             ... with a bolt of poison
             ... on level 4 of the Lair of Beasts.
             The game lasted 00:50:48 (23325 turns).

freelancePsychic the Fighter (DrFE)                Turns: 23325, Time: 00:50:49

HP:   -3/109 (115)  AC: 11    Str: 10    XL:     13   Next: 7%
MP:   16/20         EV: 17    Int: 25    God:    Lugonu [***...]
Gold: 891           SH:  0    Dex: 14    Spells: 10/20 levels left

rFire    + . .     SeeInvis .   a - +1 dagger (distort)
rCold    . . .     Faith    .   (no shield)
rNeg     . . .     Spirit   .   (armour unavailable)
rPois    .         Reflect  .   (helmet restricted)
rElec    .         Harm     .   (no cloak)
rCorr    .         Rampage  .   f - +2 pair of gloves
Will     .....                  (no boots)
Stlth    ++........             (no amulet)
HPRegen  0.28/turn              A - +6 ring of intelligence
MPRegen  0.17/turn              p - ring of flight

@: lethally poisoned (-3 -> -22), flying, drained
A: breathe fire, AC +8, unfitting armour, fire resistance 1, cold-blooded
a: Breathe Fire, Renounce Religion, Depart the Abyss, Bend Space, Banish


You were on level 4 of the Lair of Beasts.
You worshipped Lugonu.
Lugonu was most pleased with you.
You visited 2 branches of the dungeon, and saw 16 of its levels.
You visited the Abyss 1 time.
You also visited: Sewer.

You collected 971 gold pieces.
You spent 80 gold pieces at shops.

Inventory:

Hand Weapons
 a - a +1 dagger of distortion (weapon)
 c - a +0 whip of flaming
 h - a +0 dagger
Missiles
 G - a curare-tipped dart (quivered)
 I - a throwing net
 L - 6 atropa-tipped darts
Armour
 f - a +2 pair of gloves (worn)
Magical Staves
 b - a staff of conjuration
 g - a staff of cold
Jewellery
 n - the amulet of Fiuqeh {*Corrode Will+ Regen+ Int+4}
   (You acquired it on level 10 of the Dungeon)

   [amulet of regeneration]

   It affects your intelligence (+4).
   It increases your rate of health regeneration.
   It may corrode you when you take damage.
   It increases your willpower.
 p - a ring of flight (right hand)
 q - a ring of wizardry
 v - a ring of fire
 y - a ring of positive energy
 A - a +6 ring of intelligence (left hand)
 B - a +4 ring of evasion
 P - a ring of willpower
Wands
 m - a wand of digging (9)
 r - a wand of flame (63)
 z - a wand of polymorph (9)
 D - a wand of paralysis (13)
 J - a wand of acid (17)
 Q - a wand of mindburst (10)
Scrolls
 e - 3 scrolls of immolation
 i - 11 scrolls of teleportation {@r4}
 l - a scroll of fear
 o - 7 scrolls of noise
 u - 3 scrolls of magic mapping
 w - 2 scrolls of fog
 x - 7 scrolls of amnesia
 K - 2 scrolls of enchant weapon
 O - a scroll of silence
 R - 3 scrolls of identify {@r1}
 S - 2 scrolls of holy word {unknown}
Potions
 d - 2 potions of mutation {unknown}
 j - 3 potions of magic {unknown}
 k - 6 potions of curing {@q1}
 s - a potion of heal wounds {@q2}
 t - 3 potions of attraction {unknown}
 C - 2 potions of lignification {unknown}
 E - 2 potions of might {unknown}
 F - 2 potions of resistance {unknown}
 H - 4 potions of cancellation {unknown}
 M - a potion of degeneration {unknown}
 N - a potion of haste {unknown}


   Skills:
 + Level 10.8 Fighting
 - Level 8.0 Short Blades
 - Level 10.4 Dodging
 - Level 1.7 Stealth
 - Level 4.0 Spellcasting
 + Level 7.9 Conjurations
 - Level 10.0 Fire Magic
 + Level 9.9 Invocations


You had 10 spell levels left.
You knew the following spells:

 Your Spells              Type           Power      Damage    Failure   Level
a - Foxfire               Conj/Fire      100%       2x1d9     1%          1
b - Sticky Flame          Conj/Fire      49%        2d7       2%          4
c - Fireball              Conj/Fire      24%        3d11      6%          5

Your spell library contained the following spells:

 Spells                   Type           Power      Damage    Failure   Level
 Magic Dart               Conj           100%       1d8       1%          1
 Conjure Flame            Conj/Fire      49%        6-21      1%          3
 Inner Flame              Hex/Fire       30%        N/A       3%          3
 Stone Arrow              Conj/Erth      48%        3d10      5%          3
 Sandblast                Erth           10%        2d5       9%          1
 Summon Small Mammal      Summ           20%        N/A       9%          1
 Mephitic Cloud           Conj/Pois/Air  18%        N/A       10%         3
 Blink                    Tloc           N/A        N/A       14%         2
 Call Imp                 Summ           5%         N/A       14%         2
 Passwall                 Tmut/Erth      4%         N/A       14%         2
 Slow                     Hex            5%         N/A       14%         2
 Call Canine Familiar     Summ           5%         N/A       26%         3
 Summon Guardian Golem    Hex/Summ       5%         N/A       26%         3
 Cause Fear               Hex            2%         N/A       65%         4
 Petrify                  Tmut/Erth      5%         N/A       65%         4
 Summon Ice Beast         Ice/Summ       5%         N/A       65%         4
 Summon Lightning Spire   Summ/Air       5%         N/A       65%         4
 Lee's Rapid Deconstruct  Erth           2%         3d6*      94%         5
 Silence                  Hex/Air        2%         N/A       94%         5
 Yara's Violent Unravell  Hex/Tmut       2%         3d3       94%         5
 Conjure Ball Lightning   Conj/Air       12%        3x3d6     95%         6
 Discord                  Hex            2%         N/A       100%        8
 Tornado                  Air            2%         N/A       100%        9


Dungeon Overview and Level Annotations

Branches:
Dungeon (12/15)            Temple (0/1) D:4            Lair (4/6) D:8
  Swamp (0/4) Lair:3          Orc (0/2) D:12          Sewer (visited)
  Snake: Lair:2-4    Spider: Lair:2-4

Altars:
Elyvilon
Fedhas
Kikubaaqudgha
Nemelex Xobeh
Ru
Uskayaw
Vehumet
Zin
Beogh

Shops:
D:2 *   D:4 ?!:!!   D:8 (   D:12 :

Annotations:
D:3 1 runed translucent door, Crazy Yiuf
Lair:3 3 runed translucent doors, Nieclary's ghost, journeyman TrTm
Abyss:1 Josephine; Snorg


Innate Abilities, Weirdness & Mutations

You can breathe blasts of fire.
Your fiery red scales are hard. (AC +8)
You cannot fit into any form of body armour.
Your flesh is heat resistant. (rF+)
You are cold-blooded and may be slowed by cold attacks.


Message History

Casting: Foxfire (safe; 1% risk of failure)
Confirm with . or Enter, or press ? or * to list all spells.
Aiming: Sticky Flame (mildly dangerous; 2% risk of failure)
Press: ? - help, Shift-Dir - straight line, f - hell rat
Aim: a hell rat (moderately wounded, 100% to hit)
The sticky flame hits the hell rat.
The hell rat is heavily wounded.
The hell rat is covered in liquid flames!
The hell rat burns!
The hell rat bites you.
* * * LOW HITPOINT WARNING * * *
You feel drained.
* * * LOW HITPOINT WARNING * * *
You hit the hell rat.
You kill the hell rat!
Lugonu accepts your kill.
You start resting.
Magic restored.
You start resting.
A guardian serpent is nearby!
Aiming: Dig
Press: ? - help, Shift-Dir - straight line A rock wall.
The rock shatters into small pieces.
The guardian serpent shouts!
The guardian serpent coils itself and waves its upper body at you.
The bolt of poison hits you!!
You are poisoned.
* * * LOW HITPOINT WARNING * * *
You feel very sick.
The guardian serpent coils itself and waves its upper body at you.
The bolt of poison misses you.
You feel very sick.
Press: ? - help, Shift-Dir - straight line, f - guardian serpent
Aim: a guardian serpent (chance to affect: 57%)
The guardian serpent resists with significant effort.
You feel sick.
The guardian serpent casts a spell at you.
The bolt of poison hits you!!
You are lethally poisoned!
You die...

#P.....†...........
##.†...............
#.#..##..##.######
#.#####.##### #.#
### #.# #S# #.# #@#
###


You could see a guardian serpent.

Vanquished Creatures
  3 hydras
  A centaur warrior (D:12)
  2 two-headed ogres
  Pikel (D:8)
  A lindwurm (Lair:3)
  A cyclops (D:11)
  A manticore (D:9)
  Maurice (D:11)
  3 black mambas
  3 cane toads
  Psyche (D:9)
  3 komodo dragons
  2 unseen horrors
  A polar bear (Lair:3)
  A troll (D:10)
  Prince Ribbit (D:5)
  5 blink frogs
  3 wyverns
  Sigmund (D:2)
  5 wraiths
  17 yaks
  2 basilisks
  2 vampire mosquitoes
  Menkaure (D:7)
  9 water moccasins
  An ice beast (D:6)
  A black bear (Lair:1)
  3 sky beasts
  2 orc warriors
  3 necrophages
  7 centaurs
  3 ogres
  10 wolves
  A lemure (D:8)
  7 bullfrogs
  2 gnoll sergeants
  4 scorpions
  A wyvern zombie (D:7)
  A wyvern skeleton (D:7)
  13 killer bees
  8 wights
  A vampire bat (D:9)
  A howler monkey (D:7)
  4 centaur zombies
  9 orc priests
  A gnoll shaman (D:5)
  5 hounds
  A centaur skeleton (D:4)
  3 iguanas
  12 orc wizards
  4 hell rats (Lair:4)
  A killer bee zombie (D:7)
  A howler monkey zombie (D:9)
  Robin (D:2)
  21 gnolls
  11 adders
  A white imp (D:5)
  3 ufetubi
  An adder skeleton (D:4)
  2 worms (D:3)
  A dart slug (D:2)
  44 orcs
  15 ball pythons
  3 bat skeletons (D:9)
  3 bat zombies (D:9)
  12 endoplasms
  9 giant cockroaches
  20 goblins
  3 hobgoblins
  6 jackals
  5 kobolds
  20 quokkas
  4 bats
  12 frilled lizards
  4 rats
382 creatures vanquished.

Vanquished Creatures (collateral kills)
  An orc (D:3)
  A foxfire (Lair:3)
2 creatures vanquished.

Vanquished Creatures (others)
  An orc wizard (D:10)
  A bush (Lair:3)
  1204 foxfires
  12 fungi
  13 plants
1231 creatures vanquished.

Grand Total: 1615 creatures vanquished

Notes
Turn   | Place    | Note
-------+----------+-------------------------------------------
     0 | D:1      | freelancePsychic the Draconian Fire Elementalist began the
                  | quest for the Orb.
     0 | D:1      | Reached XP level 1. HP: 14/14 MP: 3/3
   162 | D:1      | Reached XP level 2. HP: 12/20 MP: 1/5
   757 | D:1      | Cast into level 1 of the Abyss (goblin)
   799 | Abyss:1  | Found a corrupted altar of Lugonu.
   805 | Abyss:1  | Became a worshipper of Lugonu the Unformed
   805 | Abyss:1  | Reached * piety under Lugonu
   811 | D:1      | Escaped the Abyss
   889 | D:1      | Found a faded altar of an unknown god.
   992 | D:1      | Reached XP level 3. HP: 15/26 MP: 2/6
  1538 | D:2      | Reached skill level 1 in Short Blades
  1556 | D:2      | Noticed Sigmund
  1562 | D:2      | Killed Sigmund
  1563 | D:2      | Reached XP level 4. HP: 33/33 MP: 1/9
  1563 | D:2      | Reached XP level 5. HP: 38/38 MP: 1/10
  1779 | D:2      | Found Utafaemp's Assorted Antiques.
  1792 | D:2      | Bought a scroll labelled AMUKHL ICOETT for 20 gold pieces
  1792 | D:2      | Bought a scroll labelled BOUTEU RIEBI for 20 gold pieces
  1792 | D:2      | Bought a scroll labelled GUEW JUGHU for 20 gold pieces
  1792 | D:2      | Bought a scroll labelled KECUSAELOW for 20 gold pieces
  1815 | D:2      | Identified the +2 helmet "Tekadwax" {Rampage Int+4 Dex+2}
  1815 | D:2      | Noticed Robin
  1851 | D:2      | Killed Robin
  2171 | D:2      | Found a hide-covered altar of Uskayaw.
  2586 | D:3      | Learned a level 4 spell: Sticky Flame
  2620 | D:3      | Found a glowing drain.
  2639 | Sewer    | Entered a sewer
  2672 | Sewer    | Reached XP level 6. HP: 36/45 MP: 11/11
  2801 | Sewer    | Reached ** piety under Lugonu
  3313 | Sewer    | Reached skill level 1 in Fighting
  4099 | D:3      | Your scales start taking on a fiery red colour.
  4099 | D:3      | Reached XP level 7. HP: 37/55 MP: 12/12
  4099 | D:3      | Gained mutation: Your flesh is heat resistant. (rF+) [Red
                  | Draconian growth]
  4289 | D:4      | Found a staircase to the Ecumenical Temple.
  4311 | D:4      | Reached skill level 5 in Fire Magic
  4465 | D:4      | Found Vuamogax's Distillery.
  4579 | D:4      | Found Datauboi's Book Shop.
  4596 | D:4      | Reached *** piety under Lugonu
  4612 | D:4      | Found Archelelo's Distillery.
  4616 | D:4      | Found Maoduosi's Magic Scroll Shop.
  5225 | D:4      | Found Zunt's Distillery.
  5674 | D:3      | Learned a level 5 spell: Fireball
  5686 | D:3      | Found a glowing silver altar of Zin.
  6043 | D:3      | Found a runed translucent door.
  6044 | D:3      | Noticed Crazy Yiuf
  6265 | D:5      | Entered Level 5 of the Dungeon
  6354 | D:5      | Reached skill level 5 in Conjurations
  6354 | D:5      | Reached XP level 8. HP: 63/63 MP: 10/13
  6480 | D:5      | Reached skill level 1 in Invocations
  6775 | D:5      | Noticed Prince Ribbit
  6779 | D:5      | Killed Prince Ribbit
  6901 | D:5      | Reached skill level 5 in Fighting
  6959 | D:5      | Found a radiant altar of Vehumet.
  7144 | D:5      | Reached **** piety under Lugonu
  7602 | D:6      | Reached XP level 9. HP: 74/74 MP: 6/14
  8111 | D:6      | Reached skill level 5 in Invocations
  8415 | D:6      | Identified the +9 dagger "Imp's Death Toll" {pain, Int+3}
  9413 | D:7      | Noticed Menkaure
  9422 | D:7      | Killed Menkaure
  9845 | D:7      | Found a sacrificial altar of Ru.
 10022 | D:8      | Found Jorrisi's Weapon Emporium.
 10165 | D:8      | Noticed Pikel
 10177 | D:8      | Killed Pikel
 10178 | D:8      | Reached XP level 10. HP: 78/88 MP: 2/15
 10267 | D:7      | Reached skill level 5 in Dodging
 11431 | D:8      | Found a staircase to the Lair.
 12004 | D:9      | Noticed Psyche
 12023 | D:9      | Killed Psyche
 12205 | D:9      | You are sucked into a shaft and drop 2 floors!
 12408 | D:10     | Entered Level 10 of the Dungeon
 12421 | D:10     | Identified a scroll of acquirement
 12422 | D:10     | Acquired the amulet of Fiuqeh {*Corrode Will+ Regen+ Int+4}
 12593 | D:10     | Noticed Maurice
 12640 | D:11     | Killed Maurice
 12912 | D:10     | Noticed Snorg
 12948 | D:10     | Banished Snorg
 13111 | D:10     | Reached XP level 11. HP: 47/95 MP: 7/17
 13509 | D:10     | Found a blossoming altar of Fedhas.
 13512 | D:10     | Found a white marble altar of Elyvilon.
 13516 | D:10     | Found a sparkling altar of Nemelex Xobeh.
 13987 | D:9      | Noticed a two-headed ogre
 13996 | D:9      | Killed a two-headed ogre
 14139 | D:9      | Reached skill level 10 in Fire Magic
 14348 | D:9      | Found an ancient bone altar of Kikubaaqudgha.
 14720 | D:9      | Reached skill level 5 in Short Blades
 15169 | D:9      | HP: 1/95 [manticore/volley of spikes (19)]
 15177 | D:9      | HP: 3/97 [manticore (8)]
 15871 | D:11     | Identified the +5 long sword of the Ghost {pain, rC+ Int-5
                  | Dex+2}
 16383 | D:12     | Found Urphuss's Book Shop.
 16394 | D:12     | Noticed a centaur warrior
 16401 | D:12     | Killed a centaur warrior
 16763 | D:12     | Found a staircase to the Orcish Mines.
 16782 | D:12     | Reached ***** piety under Lugonu
 16937 | D:12     | HP: 2/99 [vampire mosquito (8)]
 17303 | D:12     | Noticed a two-headed ogre
 17397 | D:12     | Noticed a boulder beetle
 17400 | D:12     | Killed a two-headed ogre
 17402 | D:12     | Banished a boulder beetle
 17403 | D:12     | Reached skill level 10 in Fighting
 17403 | D:12     | Reached XP level 12. HP: 74/106 MP: 4/19
 17609 | Lair:1   | Entered Level 1 of the Lair of Beasts
 19415 | Lair:2   | Identified the +1 chain mail of Amuliuv {rF+ Str+7}
 20676 | Lair:3   | Noticed a four-headed hydra
 20685 | Lair:3   | Killed a four-headed hydra
 20765 | Lair:3   | Found a white marble altar of Elyvilon.
 20971 | Lair:3   | Found a staircase to the Swamp.
 21187 | Lair:3   | Noticed a six-headed hydra
 21202 | Lair:3   | Killed a six-headed hydra
 21730 | Lair:3   | Found a runed translucent gate.
 21730 | Lair:3   | Found a runed translucent gate.
 21734 | Lair:3   | Found a runed translucent gate.
 21900 | Lair:3   | Noticed Nieclary's ghost (journeyman TrTm)
 22413 | Lair:4   | Reached skill level 10 in Dodging
 22613 | Lair:4   | Noticed Josephine
 22774 | Lair:4   | Banished Josephine
 22794 | Lair:4   | Reached XP level 13. HP: 104/114 MP: 6/20
 23325 | Lair:4   | Killed from afar by a guardian serpent

Illustrated notes

Levels and vault maps discovered:
D:1:      minmay_arrival_up_and_down, layout_basic,
          shapermc_ecumenical_altar_mp_highgroup
D:2:      layout_basic, serial_shops, shop, basic_altar, uniq_sigmund,
          uniq_robin
D:3:      layout_loops_ring, lemuel_doored_altar, cheibrodos_sewer_entry_bend,
          uniq_crazy_yiuf_cottage
D:4:      layout_cave_pods, minmay_temple_entry_statues_pillars, serial_shops,
          kennysheep_mini_moat, shop, shop, shop, shop
D:5:      layout_basic, old_standard_altar, kennysheep_flooded_box,
          uniq_prince_ribbit1
D:6:      layout_basic
D:7:      layout_basic, nicolae_ru_the_path_less_chosen, uniq_menkaure
D:8:      layout_cave_pools, lair_entry_dummy, serial_shops,
          nicolae_shop_crystal, kennysheep_decorative_pillar, uniq_pikel
D:9:      minmay_blocky_corners, layout_stronghold, kennysheep_vampire_church,
          skrybe_limestone_x, uniq_psyche
D:10:     layout_irregular_city, grunt_temple_overflow_diamond, uniq_maurice,
          uniq_snorg
D:11:     layout_loops_ring
D:12:     layout_gridville, minmay_orc_entry_temple_small, serial_rivers,
          chequers_serial_rivers_room_a, chequers_serial_rivers_small_b,
          chequers_serial_rivers_micro_b, chequers_serial_rivers_micro_c,
          serial_shops, shop
Lair:1:   layout_misc_corridors
Lair:2:   layout_chaotic_city
Lair:3:   layout_regular_city, swamp_mist, gammafunk_ghost_necromancy,
          basic_altar, nicolae_lair_grove_arrangements
Lair:4:   layout_big_grid, minmay_snake_entry_spellcaster, grunt_megastairs_4,
          uniq_josephine

Skill      XL: |  1  2  3  4  5  6  7  8  9 10 11 12 |
---------------+-------------------------------------+-----
Conjurations   | 3 4 5 6 7 |  7.9
Short Blades   | 2 3 4 8 |  8.0
Spellcasting   | 3 4 |  4.0
Fighting       | 2 3 5 7 8 10 | 10.8
Fire Magic     | 4 6 8 9 10 | 10.0
Invocations    | 4 6 8 9 |  9.9
Dodging        | 4 5 10 | 10.4
Stealth        | |  1.7

Action                   |  1- 3 |  4- 6 |  7- 9 | 10-12 | 13-15 || total
-------------------------+-------+-------+-------+-------+-------++-------
Melee: Unarmed           |    30 |       |       |       |       ||    30
       Tailslap          |     4 |     8 |    20 |    48 |       ||    80
       Dagger            |    25 |    89 |   197 |   401 |    16 ||   728
Throw: Dart              |       |       |       |     2 |       ||     2
 Cast: Foxfire           |    33 |   140 |   167 |   339 |    13 ||   692
       Sticky Flame      |       |       |    18 |    51 |     7 ||    76
       Fireball          |       |       |       |     2 |       ||     2
Invok: Depart the Abyss  |     1 |       |       |       |       ||     1
       Banish            |       |       |     1 |    14 |     1 ||    16
       Bend Space        |       |       |       |       |     1 ||     1
 Abil: Breathe Fire      |       |       |     6 |     3 |       ||     9
Evoke: Wand              |       |       |       |     1 |     1 ||     2
  Use: Scroll            |       |     7 |     3 |    13 |     4 ||    27
       Potion            |       |       |       |     6 |       ||     6
 Stab: Sleeping          |     2 |     1 |     6 |     8 |       ||    17
Armor: Skin              |    15 |    34 |    57 |   161 |    10 ||   277
Dodge: Dodged            |    42 |    48 |   168 |   336 |    43 ||   637

Table legend: (Time is in decaauts)
 A = Elapsed time spent in this place.
 B = Non-inter-level travel time spent in this place.
 C = Inter-level travel time spent in this place.
 D = Time resting spent in this place.
 E = Time spent auto-exploring this place.
 F = Levels seen in this place.
 G = Mean time per level.
                   A        B        C        D        E       F      G
               +--------+--------+--------+--------+--------+-----+--------+
         Total |  23232 |  22621 |    611 |   3092 |  16595 |  18 | 1290.7 |
       Dungeon |  16064 |  15521 |    543 |   1936 |  11479 |  12 | 1338.7 |
          Lair |   5622 |   5555 |     67 |   1156 |   3826 |   4 | 1405.5 |
         Abyss |     53 |     53 |      0 |      0 |     42 |   1 |   53.0 |
         Sewer |   1491 |   1491 |      0 |      0 |   1247 |   1 | 1491.0 |
               +--------+--------+--------+--------+--------+-----+--------+

Top non-repeatable levels by time:
  Lair:3: 2171 daAuts
     D:9: 2083 daAuts
     D:7: 1938 daAuts
  Lair:2: 1500 daAuts
   Sewer: 1491 daAuts
     D:1: 1403 daAuts
    D:10: 1327 daAuts
     D:4: 1314 daAuts
     D:5: 1299 daAuts
     D:6: 1262 daAuts
    D:12: 1222 daAuts
    D:11: 1163 daAuts
     D:2: 1080 daAuts
  Lair:1: 1052 daAuts
     D:8: 999 daAuts
